[Event "CCT Chessable Masters Play-In 2025"]
[Site "Online"]
[Date "2025.02.17"]
[Round "2.50"]
[White "Zhu, Jiner"]
[Black "Abdusattorov, Nodirbek"]
[Result "1-0"]
[ECO "B06"]
[WhiteElo "2514"]
[BlackElo "2766"]
[PlyCount "97"]
[EventDate "2025.02.13"]
[EventType "swiss"]
[EventCountry "NET"]
[TimeControl "600"]
[WhiteClock "0:02:47"]
[BlackClock "0:01:49"]

1. e4 c5 2. Nf3 g6 3. c3 d5 4. exd5 Qxd5 5. d4 Bg7 6. Nbd2 cxd4 7. Bc4 Qd8 8. Nxd4 Nf6 9. O-O O-O 10. N2f3 Qc7 11. Qe2 a6 12. Re1 Nbd7 13. Bb3 e6 14. Bc2 b6 15. Bg5 Bb7 16. Rad1 Rfe8 17. Ne5 Nxe5 18. Qxe5 Qxe5 19. Rxe5 h6 20. Bc1 Red8 21. Ree1 Rac8 22. a4 Nd5 23. Nf3 g5 24. h3 Bf6 25. Ne5 Kg7 26. Ng4 Be7 27. Ne3 Nf4 28. Nf5+ Kf8 29. Nxe7 Kxe7 30. Rxd8 Rxd8 31. f3 Nd3 32. Bxd3 Rxd3 33. Be3 Bc6 34. Bxb6 Rd2 35. Bc5+ Kf6 36. b3 Rb2 37. b4 Bxa4 38. Bd4+ Kg6 39. Kh2 Rc2 40. Kg3 Bb5 41. Kh2 Bc4 42. h4 gxh4 43. Re4 Bd5 44. Rg4+ Kf5 45. Rxh4 Bxf3 46. Kg3 Be2 47. Rf4+ Kg6 48. Rf6+ Kh5 49. Be3 1-0

[Event "CCT Chessable Masters Play-In 2025"]
[Site "Online"]
[Date "2025.02.17"]
[Round "2.51"]
[White "Martinez Alcantara, Jose Eduardo"]
[Black "Sethuraman, S.P."]
[Result "1-0"]
[ECO "C47"]
[WhiteElo "2606"]
[BlackElo "2557"]
[PlyCount "193"]
[EventDate "2025.02.13"]
[EventType "swiss"]
[EventCountry "NET"]
[TimeControl "600"]
[WhiteClock "0:01:52"]

1. e4 e5 2. Nf3 Nc6 3. Nc3 Nf6 4. h3 d5 5. Bb5 Nxe4 6. O-O Qd6 7. d4 Nxc3 8. bxc3 e4 9. Re1 Be7 10. Ne5 O-O 11. Bf4 Nxe5 12. Bxe5 Qg6 13. Re3 Qb6 14. Rb1 c6 15. Be2 Qd8 16. c4 b6 17. f3 exf3 18. Bxf3 Be6 19. Bg4 Bg5 20. Rg3 f5 21. cxd5 cxd5 22. Be2 f4 23. Rc3 Rc8 24. Rbb3 Qd7 25. Bf3 Rxc3 26. Rxc3 Rc8 27. Ra3 Be7 28. Rb3 Bd6 29. Qd2 Bxe5 30. dxe5 Qc7 31. Qxf4 Qxc2 32. Kh2 Qxa2 33. Bg4 Bxg4 34. Qxg4 Qc2 35. Qe6+ Kh8 36. Rf3 d4 37. Qd7 Qc5 38. Rf4 Rg8 39. Re4 d3 40. Qxd3 Qc7 41. Qd6 Rc8 42. Qe6 h6 43. Rd4 Rf8 44. Rd7 Qc1 45. Qg4 Qf4+ 46. Qxf4 Rxf4 47. e6 Re4 48. e7 Kh7 49. Rxa7 Kg6 50. Rb7 Kf7 51. e8=Q+ Kxe8 52. Rxb6 Kf7 53. Rc6 Re6 54. Rc7+ Kf6 55. Rc1 g5 56. Ra1 Kg6 57. Kg3 h5 58. Kf2 h4 59. Kf3 Rf6+ 60. Ke3 Re6+ 61. Kf2 Rf6+ 62. Kg1 Re6 63. Ra5 Rf6 64. Rb5 Rf5 65. Rb6+ Rf6 66. Rb8 Rf5 67. Re8 Rf6 68. Re1 Rf4 69. Kh2 g4 70. hxg4 Rxg4 71. Re5 Rg5 72. Re6+ Kh5 73. Ra6 Re5 74. Ra2 Rg5 75. Rb2 Rg4 76. Kh3 Rg5 77. Rb8 Rg3+ 78. Kh2 Kg4 79. Rf8 Re3 80. Rg8+ Kh5 81. Rh8+ Kg4 82. Ra8 Kh5 83. Ra4 Kg5 84. Kg1 Rg3 85. Kf2 Rg4 86. Ra5+ Kg6 87. Ra3 Rf4+ 88. Ke2 Kg5 89. Ra8 Kg4 90. Rg8+ Kf5 91. Ke3 Re4+ 92. Kf2 Rf4+ 93. Kg1 Rg4 94. Rh8 Kf4 95. Rf8+ Kg5 96. Kh2 Rb4 97. Rf3 1-0

[Event "CCT Chessable Masters Play-In 2025"]
[Site "Online"]
[Date "2025.02.17"]
[Round "2.52"]
[White "Quintiliano, Renato R."]
[Black "Esipenko, Andrey"]
[Result "0-1"]
[ECO "D35"]
[WhiteElo "2515"]
[BlackElo "2695"]
[PlyCount "96"]
[EventDate "2025.02.13"]
[EventType "swiss"]
[EventCountry "NET"]
[TimeControl "600"]
[WhiteClock "0:03:51"]
[BlackClock "0:02:39"]

1. d4 Nf6 2. c4 e6 3. Nc3 d5 4. Nf3 Be7 5. cxd5 exd5 6. Bf4 c6 7. e3 Bf5 8. Nh4 Be4 9. Bd3 Bxd3 10. Qxd3 g6 11. Nf3 Nbd7 12. h3 O-O 13. O-O Re8 14. Rab1 a5 15. Qc2 Nf8 16. a3 Ne6 17. Bh2 Bd6 18. Ne5 Qe7 19. f4 Ng7 20. Rbe1 Ne4 21. Nxe4 dxe4 22. g4 f6 23. Nc4 Bc7 24. f5 Bxh2+ 25. Qxh2 Rad8 26. fxg6 hxg6 27. Nxa5 Ne6 28. h4 Kg7 29. Nc4 Rh8 30. Qg3 c5 31. g5 f5 32. Qe5+ Kf7 33. d5 Ng7 34. d6 Qe6 35. Qxc5 Rc8 36. Ne5+ Kg8 37. Qd4 Rxh4 38. Rc1 Rd8 39. Rfd1 f4 40. Qd5 fxe3 41. Qxe6+ Nxe6 42. d7 Rh5 43. Nc4 e2 44. Rd2 Nf4 45. Nb6 Rxg5+ 46. Kf2 Nd3+ 47. Rxd3 exd3 48. Rc8 Rf5+ 0-1

[Event "CCT Chessable Masters Play-In 2025"]
[Site "Online"]
[Date "2025.02.17"]
[Round "2.53"]
[White "Aditya Mittal"]
[Black "Yoo, Christopher Woojin"]
[Result "1-0"]
[ECO "D43"]
[WhiteElo "2550"]
[BlackElo "2588"]
[PlyCount "51"]
[EventDate "2025.02.13"]
[EventType "swiss"]
[EventCountry "NET"]
[TimeControl "600"]
[WhiteClock "0:02:47"]
[BlackClock "0:03:00"]

1. d4 Nf6 2. c4 e6 3. Nf3 d5 4. Nc3 c6 5. Bg5 h6 6. Bh4 dxc4 7. e4 g5 8. Bg3 b5 9. Be2 Bg7 10. e5 Nh5 11. a4 a6 12. Ne4 O-O 13. Nfxg5 Nxg3 14. hxg3 hxg5 15. Qc2 f5 16. exf6 Rxf6 17. Nxf6+ Qxf6 18. Qh7+ Kf8 19. Ra3 g4 20. Bxg4 Qxd4 21. Qg6 Ra7 22. Bh5 Bf6 23. Qe8+ Kg7 24. Bg6 Be5 25. Rh7+ Kf6 26. Rf3+ 1-0

[Event "CCT Chessable Masters Play-In 2025"]
[Site "Online"]
[Date "2025.02.17"]
[Round "2.54"]
[White "Murzin, Volodar"]
[Black "Van Foreest, Jorden"]
[Result "1-0"]
[ECO "E05"]
[WhiteElo "2657"]
[BlackElo "2660"]
[PlyCount "91"]
[EventDate "2025.02.13"]
[EventType "swiss"]
[EventCountry "NET"]
[TimeControl "600"]
[WhiteClock "0:01:35"]
[BlackClock "0:00:02"]

1. d4 d5 2. Nf3 e6 3. c4 Nf6 4. g3 Be7 5. Bg2 O-O 6. O-O dxc4 7. Qc2 a6 8. a4 Bd7 9. Qxc4 Bc6 10. Bg5 Nbd7 11. Rd1 h6 12. Bxf6 Nxf6 13. Nbd2 a5 14. Qd3 Bb4 15. e4 b6 16. Ne5 Bb7 17. Ndc4 Qe7 18. Qe3 Rad8 19. Rd3 c5 20. d5 exd5 21. exd5 Nxd5 22. Qf3 Ba8 23. Qf5 g6 24. Qh3 Kg7 25. Rad1 Nf6 26. Rxd8 Rxd8 27. Rxd8 Qxd8 28. Bxa8 Qxa8 29. Qg2 Qc8 30. Nxf7 Qe6 31. Nfe5 Nd5 32. Qe4 h5 33. h4 Kh7 34. Kg2 Kg7 35. Qd3 Be1 36. Kf1 Bb4 37. Nxg6 Nf6 38. Nf4 Qc6 39. Qg6+ Kf8 40. Ne5 Qh1+ 41. Ke2 Qe1+ 42. Kf3 Qh1+ 43. Ng2 Qd1+ 44. Kf4 Nd5+ 45. Kg5 Bd2+ 46. f4 1-0

[Event "CCT Chessable Masters Play-In 2025"]
[Site "Online"]
[Date "2025.02.17"]
[Round "2.55"]
[White "Xu, Xiangyu"]
[Black "Mekhitarian, Krikor Sevag"]
[Result "1-0"]
[ECO "D90"]
[WhiteElo "2623"]
[BlackElo "2515"]
[PlyCount "55"]
[EventDate "2025.02.13"]
[EventType "swiss"]
[EventCountry "NET"]
[TimeControl "600"]
[WhiteClock "0:06:28"]

1. d4 Nf6 2. c4 g6 3. Nc3 d5 4. Nf3 Bg7 5. h4 c6 6. cxd5 cxd5 7. Bf4 O-O 8. e3 Nc6 9. Qb3 Na5 10. Qb4 Nc6 11. Qb3 Na5 12. Qa3 Bf5 13. Be2 a6 14. Ne5 Rc8 15. O-O h5 16. Rac1 Nc6 17. Nxc6 Rxc6 18. Na4 Rxc1 19. Rxc1 Nd7 20. Bc7 Qe8 21. Bf3 e5 22. dxe5 Nxe5 23. Bxd5 Nd3 24. Rd1 Qb5 25. e4 Nxb2 26. Nxb2 Bxb2 27. Qg3 Bg4 28. Rb1 1-0

[Event "CCT Chessable Masters Play-In 2025"]
[Site "Online"]
[Date "2025.02.17"]
[Round "2.56"]
[White "Sadhwani, Raunak"]
[Black "Sankalp Gupta"]
[Result "1-0"]
[ECO "B51"]
[WhiteElo "2666"]
[BlackElo "2538"]
[PlyCount "109"]
[EventDate "2025.02.13"]
[EventType "swiss"]
[EventCountry "NET"]
[TimeControl "600"]
[WhiteClock "0:02:34"]
[BlackClock "0:03:19"]

1. e4 c5 2. Nf3 d6 3. Bb5+ Nd7 4. Be2 Ngf6 5. Nc3 g6 6. d4 cxd4 7. Nxd4 Bg7 8. Be3 O-O 9. Qd2 a6 10. f3 e6 11. Nb3 d5 12. exd5 Nxd5 13. Nxd5 exd5 14. O-O-O Re8 15. Bd4 Ne5 16. Kb1 Nc4 17. Bxc4 dxc4 18. Bxg7 Qxd2 19. Nxd2 Kxg7 20. Nxc4 Be6 21. Nd6 Re7 22. b3 Rd7 23. Ne4 Rc7 24. Rd2 h6 25. Kb2 g5 26. Re1 Kg6 27. a4 a5 28. Nc3 h5 29. Nb5 Rc5 30. c4 Re8 31. Rd6 h4 32. Rb6 Re7 33. Nd6 Rcc7 34. Rb5 Rcd7 35. Rb6 h3 36. g4 Rd8 37. Kc3 Red7 38. c5 Rc7 39. Kd4 Rdd7 40. Re5 Rc6 41. Rxc6 bxc6 42. Kc3 Bd5 43. Rxd5 cxd5 44. Kd4 Kf6 45. Kxd5 Ke7 46. Kc6 Ke6 47. Kb6 Kd5 48. Nb7 Re7 49. c6 Re6 50. Nxa5 f5 51. gxf5 Rf6 52. Kb7 Rf7+ 53. c7 Ke5 54. Nc4+ Kf4 55. Nd6 1-0

[Event "CCT Chessable Masters Play-In 2025"]
[Site "Online"]
[Date "2025.02.17"]
[Round "2.57"]
[White "Pantsulaia, Levan"]
[Black "Sanal, Vahap"]
[Result "1-0"]
[ECO "A38"]
[WhiteElo "2522"]
[BlackElo "2557"]
[PlyCount "165"]
[EventDate "2025.02.13"]
[EventType "swiss"]
[EventCountry "NET"]
[TimeControl "600"]
[WhiteClock "0:00:08"]

1. Nf3 Nf6 2. g3 g6 3. b3 Bg7 4. Bb2 c5 5. c4 Nc6 6. Bg2 d6 7. O-O O-O 8. d4 cxd4 9. Nxd4 Bd7 10. Nc2 a6 11. Nc3 Rb8 12. Nd5 Nxd5 13. Bxg7 Kxg7 14. cxd5 Ne5 15. Qd4 Kg8 16. Ne3 Qa5 17. h3 f5 18. f4 Nf7 19. Nc4 Qb4 20. a3 Qxb3 21. Nb6 Rfd8 22. Kh2 e5 23. dxe6 Qxe6 24. e4 Bc6 25. Rae1 Re8 26. exf5 Qxf5 27. Bd5 Rxe1 28. Rxe1 Qc2+ 29. Kg1 Qc5 30. Qxc5 dxc5 31. Bxc6 bxc6 32. Nc4 Rb3 33. Kg2 Rc3 34. Re4 Kf8 35. g4 h5 36. a4 h4 37. Ne3 Nd6 38. Re6 Kf7 39. Rxd6 Rxe3 40. Rxc6 Rg3+ 41. Kh2 Rf3 42. Rc7+ Kg8 43. Rxc5 Rf2+ 44. Kg1 Rxf4 45. Rc6 Rxa4 46. Rxg6+ Kf7 47. Rh6 Kg7 48. Rxh4 Ra5 49. Kf2 Rg5 50. Ke3 a5 51. Kd4 a4 52. Kc3 a3 53. Kb3 Ra5 54. Ka2 Kg8 55. Rh6 Kg7 56. Rd6 Ra4 57. Rd3 Kg6 58. Rxa3 Re4 59. Ra5 Re3 60. Rh5 Rc3 61. Kb2 Rc8 62. Rf5 Rh8 63. Rf3 Kg5 64. Kc2 Kh4 65. Kd2 Ra8 66. Ke3 Ra2 67. Ke4 Ra1 68. Kf5 Ra4 69. Kg6 Ra6+ 70. Rf6 Ra5 71. Rf5 Ra6+ 72. Rf6 Ra4 73. g5 Kxh3 74. Kg7 Kg4 75. g6 Ra7+ 76. Rf7 Ra6 77. Rd7 Kg5 78. Rd5+ Kf4 79. Rd4+ Ke5 80. Rc4 Kf5 81. Rc5+ Ke4 82. Rc4+ Kd5 83. Rc1 1-0

[Event "CCT Chessable Masters Play-In 2025"]
[Site "Online"]
[Date "2025.02.17"]
[Round "2.58"]
[White "Svidler, Peter"]
[Black "Xiao, Tong"]
[Result "1-0"]
[ECO "B31"]
[WhiteElo "2696"]
[BlackElo "2491"]
[PlyCount "53"]
[EventDate "2025.02.13"]
[EventType "swiss"]
[EventCountry "NET"]
[TimeControl "600"]
[WhiteClock "0:06:33"]
[BlackClock "0:06:24"]

1. e4 c5 2. Nf3 Nc6 3. Bb5 Nf6 4. Bxc6 dxc6 5. d3 g6 6. h3 Bg7 7. O-O O-O 8. Re1 Qc7 9. e5 Nd5 10. c4 Nb6 11. Nc3 Bf5 12. g4 Be6 13. Qe2 Nd7 14. Bf4 Rfd8 15. Bg3 Nf8 16. Ne4 b6 17. Rad1 Rd7 18. Nf6+ Bxf6 19. exf6 Qd8 20. Ne5 Rd6 21. Qf3 exf6 22. Nxc6 Rxc6 23. Qxc6 Rc8 24. Qd6 Qe8 25. d4 cxd4 26. Qxd4 Nd7 27. Rxe6 1-0

[Event "CCT Chessable Masters Play-In 2025"]
[Site "Online"]
[Date "2025.02.17"]
[Round "2.59"]
[White "Akobian, Varuzhan"]
[Black "Iturrizaga Bonelli, Eduardo"]
[Result "1-0"]
[ECO "E12"]
[WhiteElo "2564"]
[BlackElo "2577"]
[PlyCount "117"]
[EventDate "2025.02.13"]
[EventType "swiss"]
[EventCountry "NET"]
[TimeControl "600"]
[WhiteClock "0:00:03"]

1. d4 Nf6 2. c4 e6 3. Nf3 b6 4. a3 Bb7 5. Nc3 d5 6. Bg5 Be7 7. e3 O-O 8. Rc1 h6 9. Bxf6 Bxf6 10. cxd5 exd5 11. b4 c6 12. Bd3 Nd7 13. Qb3 b5 14. a4 a6 15. a5 Re8 16. O-O Be7 17. Ne2 Bd6 18. Rc2 Qf6 19. Rfc1 Nf8 20. Ng3 g6 21. Re1 Ne6 22. Rec1 Rac8 23. Nf1 h5 24. Qb2 Rc7 25. Ne5 Bxe5 26. dxe5 Qe7 27. Nd2 c5 28. bxc5 Nxc5 29. Be2 Na4 30. Qd4 Rec8 31. Rxc7 Rxc7 32. Rxc7 Qxc7 33. Nb3 Bc8 34. Bd3 Be6 35. h3 Qc8 36. Kh2 Bf5 37. Bxf5 Qxf5 38. Qxd5 Qxf2 39. e6 fxe6 40. Qxe6+ Qf7 41. Qc8+ Kg7 42. Nd4 Qe7 43. Qxa6 Qe5+ 44. Kh1 Nc3 45. Qb7+ Kh6 46. Qf3 Nd5 47. Qf8+ Kh7 48. Qf7+ Kh6 49. Ne6 Qa1+ 50. Kh2 Qe5+ 51. Kh1 Qa1+ 52. Kh2 Qe5+ 53. Nf4 Ne7 54. a6 Qxe3 55. Qf8+ Kg5 56. a7 Nf5 57. Qd8+ Kh6 58. Qh8+ Kg5 59. Qd8+ 1-0

[Event "CCT Chessable Masters Play-In 2025"]
[Site "Online"]
[Date "2025.02.17"]
[Round "2.60"]
[White "Jumabayev, Rinat"]
[Black "Shimanov, Aleksandr"]
[Result "0-1"]
[ECO "D22"]
[WhiteElo "2564"]
[BlackElo "2593"]
[PlyCount "86"]
[EventDate "2025.02.13"]
[EventType "swiss"]
[EventCountry "NET"]
[TimeControl "600"]
[BlackClock "0:01:55"]

1. d4 d5 2. c4 dxc4 3. Nf3 a6 4. e3 b5 5. a4 Bb7 6. b3 Nf6 7. bxc4 b4 8. Nbd2 c5 9. d5 g6 10. Bb2 Bg7 11. a5 O-O 12. Be2 e6 13. e4 exd5 14. exd5 Ne8 15. Bxg7 Kxg7 16. O-O Nd6 17. Nb3 Qc7 18. Re1 Nd7 19. Qc2 Rae8 20. Bd3 Bc8 21. Qb2+ Kg8 22. Qd2 Qd8 23. Qf4 Nb7 24. h4 Rxe1+ 25. Rxe1 Nxa5 26. Nxa5 Qxa5 27. h5 Qd8 28. Ng5 Qf6 29. Qg3 a5 30. hxg6 hxg6 31. Qh4 Qg7 32. Re7 a4 33. Ne6 Qa1+ 34. Bf1 Qf6 35. Qxf6 Nxf6 36. Nxf8 Kxf8 37. Ra7 Bd7 38. d6 a3 39. Bd3 Be6 40. f3 Nd7 41. Kf2 Ne5 42. Ke3 Kg7 43. f4 Ng4+ 0-1

[Event "CCT Chessable Masters Play-In 2025"]
[Site "Online"]
[Date "2025.02.17"]
[Round "2.61"]
[White "Dai, Changren"]
[Black "Alekseenko, Kirill"]
[Result "1-0"]
[ECO "D22"]
[WhiteElo "2527"]
[BlackElo "2661"]
[PlyCount "127"]
[EventDate "2025.02.13"]
[EventType "swiss"]
[EventCountry "NET"]
[TimeControl "600"]
[WhiteClock "0:00:09"]
[BlackClock "0:00:16"]

1. d4 d5 2. c4 dxc4 3. Nf3 a6 4. e3 Bg4 5. Bxc4 e6 6. h3 Bh5 7. O-O Nf6 8. b3 Nc6 9. Bb2 Bd6 10. Nbd2 O-O 11. Be2 Nd5 12. Nc4 f5 13. Rc1 Qe8 14. a3 Nf6 15. Nfe5 Bxe2 16. Qxe2 Bxe5 17. dxe5 Ne4 18. Rfd1 Qg6 19. Rd7 f4 20. Qg4 fxe3 21. Nxe3 Rxf2 22. Qxg6 hxg6 23. Rc4 Rxb2 24. Rxe4 Rxb3 25. Rxc7 Rd8 26. Nc4 Rd4 27. Rxd4 Nxd4 28. Nd6 b5 29. h4 Rb1+ 30. Kh2 Rf1 31. Ra7 Nc6 32. Ra8+ Rf8 33. Rxa6 Nxe5 34. Ne4 Rf4 35. Ng5 Rxh4+ 36. Kg1 Kf8 37. Nxe6+ Ke7 38. Nc7 Re4 39. Nxb5 g5 40. Nc3 Re1+ 41. Kf2 Nd3+ 42. Kf3 Re5 43. Ra7+ Kf6 44. Ra6+ Kf7 45. g3 Ne1+ 46. Kg4 Nc2 47. Ra7+ Kg6 48. Ra6+ Kh7 49. a4 Rc5 50. Ne4 Rc4 51. Kf3 g4+ 52. Kf4 Nb4 53. Rd6 Nc6 54. Ke3 Kg8 55. Ng5 Kf8 56. Rd7 Rc3+ 57. Kf4 Rc4+ 58. Kf5 Rc5+ 59. Kf4 Rc4+ 60. Kf5 Ne7+ 61. Ke6 Rc6+ 62. Ke5 Rc5+ 63. Kf4 Ra5 64. Rd8# 1-0

[Event "CCT Chessable Masters Play-In 2025"]
[Site "Online"]
[Date "2025.02.17"]
[Round "2.62"]
[White "Moiseenko, Alexander"]
[Black "Samadov, Read"]
[Result "0-1"]
[ECO "D03"]
[WhiteElo "2568"]
[BlackElo "2501"]
[PlyCount "114"]
[EventDate "2025.02.13"]
[EventType "swiss"]
[EventCountry "NET"]
[TimeControl "600"]
[BlackClock "0:01:25"]

1. d4 Nf6 2. Bg5 d5 3. e3 e6 4. Bd3 Nbd7 5. Nf3 h6 6. Bh4 Be7 7. Nbd2 b6 8. c3 Bb7 9. Qe2 Ne4 10. Bxe7 Qxe7 11. Ba6 Bxa6 12. Qxa6 Nxd2 13. Nxd2 O-O 14. O-O c5 15. f4 Qd8 16. Rf3 f5 17. h3 Qc8 18. Qe2 Nf6 19. Kh2 g5 20. Rg3 g4 21. hxg4 Nxg4+ 22. Rxg4+ fxg4 23. Qxg4+ Kh7 24. Nf3 Rf5 25. Ne5 Qe8 26. Kg1 Qh5 27. Qxh5 Rxh5 28. g4 Rg8 29. Kg2 Rxe5 30. dxe5 Rxg4+ 31. Kf3 h5 32. c4 dxc4 33. Rd1 Rg7 34. e4 h4 35. f5 Rg3+ 36. Kf4 Rd3 37. Rh1 h3 38. a4 a6 39. Kg4 b5 40. axb5 axb5 41. Kg5 Kg7 42. Ra1 Rg3+ 43. Kf4 Rg2 44. Ra7+ Kh6 45. f6 Rxb2 46. Ra8 c3 47. Rh8+ Kg6 48. Rxh3 c2 49. Rg3+ Kf7 50. Rc3 c4 51. Kg5 Ra2 52. Kh5 Ra8 53. Rxc2 Rh8+ 54. Kg5 Rg8+ 55. Kf4 Rc8 56. Ra2 Rc7 57. Rh2 Kg6 0-1

[Event "CCT Chessable Masters Play-In 2025"]
[Site "Online"]
[Date "2025.02.17"]
[Round "2.63"]
[White "Suleymanli, Aydin"]
[Black "Atabayev, Saparmyrat"]
[Result "1/2-1/2"]
[ECO "E36"]
[WhiteElo "2623"]
[BlackElo "2516"]
[PlyCount "85"]
[EventDate "2025.02.13"]
[EventType "swiss"]
[EventCountry "NET"]
[TimeControl "600"]
[WhiteClock "0:01:30"]
[BlackClock "0:02:35"]

1. d4 Nf6 2. c4 e6 3. Nc3 Bb4 4. Qc2 d5 5. a3 Bxc3+ 6. Qxc3 O-O 7. e3 b6 8. cxd5 exd5 9. Bd3 a5 10. b3 Ba6 11. Ne2 Ne4 12. Qc2 Bxd3 13. Qxd3 a4 14. b4 c6 15. O-O Re8 16. f3 Nd6 17. Ng3 Qc8 18. e4 Qa6 19. Qb1 Nd7 20. e5 Nb5 21. Qf5 Nf8 22. Qg4 Qc8 23. Nf5 g6 24. Nh6+ Kg7 25. Qh4 Qe6 26. Bg5 Nd7 27. Ng4 h5 28. Nf6 Nxf6 29. Bxf6+ Kh7 30. g4 Nxd4 31. gxh5 Nf5 32. hxg6+ Kxg6 33. Qf4 Kh7 34. Kh1 Rg8 35. Rg1 Rxg1+ 36. Rxg1 Rg8 37. Rxg8 Kxg8 38. Qg4+ Kh7 39. Qh5+ Nh6 40. Qg5 Nf5 41. Qh5+ Nh6 42. Qg5 Nf5 43. Qh5+ 1/2-1/2

[Event "CCT Chessable Masters Play-In 2025"]
[Site "Online"]
[Date "2025.02.17"]
[Round "2.64"]
[White "Fier, Alexandr"]
[Black "Bharath Subramaniyam H"]
[Result "0-1"]
[ECO "A47"]
[WhiteElo "2547"]
[BlackElo "2567"]
[PlyCount "58"]
[EventDate "2025.02.13"]
[EventType "swiss"]
[EventCountry "NET"]
[TimeControl "600"]
[WhiteClock "0:07:56"]
[BlackClock "0:07:12"]

1. d4 Nf6 2. Nf3 b6 3. Bg5 Ne4 4. Bh4 Bb7 5. Nbd2 g6 6. Nxe4 Bxe4 7. Nd2 Bb7 8. e4 Bg7 9. c3 O-O 10. Bc4 d6 11. O-O Nd7 12. Re1 a6 13. a4 Qe8 14. Nf3 e5 15. a5 b5 16. Bf1 h6 17. Bg3 Qe7 18. h3 c5 19. d5 c4 20. Nd2 f5 21. f3 h5 22. b3 cxb3 23. c4 bxc4 24. Bxc4 Bh6 25. Bxb3 Nc5 26. Bc2 Qg5 27. Nf1 fxe4 28. fxe4 Rxf1+ 29. Rxf1 Qxg3 0-1

[Event "CCT Chessable Masters Play-In 2025"]
[Site "Online"]
[Date "2025.02.17"]
[Round "2.65"]
[White "Meier, Georg"]
[Black "Pakleza, Zbigniew"]
[Result "1-0"]
[ECO "D12"]
[WhiteElo "2598"]
[BlackElo "2485"]
[PlyCount "165"]
[EventDate "2025.02.13"]
[EventType "swiss"]
[EventCountry "NET"]
[TimeControl "600"]
[WhiteClock "0:00:18"]
[BlackClock "0:00:03"]

1. Nf3 d5 2. d4 Nf6 3. c4 c6 4. e3 Bf5 5. Nc3 e6 6. Nh4 Be4 7. f3 Bg6 8. Qb3 Qb6 9. Nxg6 hxg6 10. Bd2 Nbd7 11. Kf2 g5 12. g4 Be7 13. Qxb6 axb6 14. a4 O-O-O 15. cxd5 exd5 16. h3 Nf8 17. Bd3 Ne6 18. Kg2 g6 19. Ne2 Kd7 20. b4 Ra8 21. Bc2 Ne8 22. Bb3 Nd6 23. b5 f5 24. Rhc1 Rhc8 25. Be1 f4 26. exf4 gxf4 27. h4 g5 28. h5 Bf6 29. Bf2 Nc7 30. bxc6+ bxc6 31. Rab1 Ne6 32. Rc2 Rab8 33. Ra2 Ra8 34. Rc2 Rab8 35. Rbc1 Rc7 36. Bg1 Ra8 37. Rd1 Nb7 38. Nc3 Na5 39. Ba2 Rcc8 40. Re2 Re8 41. Bb1 Nc4 42. Bf5 Nd6 43. Bc2 Nc7 44. Bf2 Rxe2 45. Nxe2 b5 46. Nc3 Rb8 47. Rb1 Rb7 48. axb5 cxb5 49. h6 Ke6 50. h7 Kf7 51. Bb3 Kg7 52. Nxd5 Nxd5 53. Bxd5 Rb8 54. Rh1 Rh8 55. Kf1 Rxh7 56. Rxh7+ Kxh7 57. Ke2 Kg6 58. Kd3 Kg7 59. Kc3 Kf8 60. Kb4 Ke7 61. Kc5 Kd7 62. Bc6+ Kc7 63. Bxb5 Be7 64. Be1 Nf5+ 65. Kd5 Ne3+ 66. Ke6 Ba3 67. Ba5+ Kc8 68. d5 Nc2 69. Ba6+ Kb8 70. d6 Nd4+ 71. Kd5 Nxf3 72. d7 Be7 73. Ke6 Nd4+ 74. Kxe7 Nc6+ 75. Ke6 f3 76. d8=Q+ Nxd8+ 77. Bxd8 Ka7 78. Bf1 f2 79. Bxg5 Kb7 80. Be3 Kc6 81. g5 Kc7 82. Bxf2 Kc6 83. Kf7 1-0

[Event "CCT Chessable Masters Play-In 2025"]
[Site "Online"]
[Date "2025.02.17"]
[Round "2.66"]
[White "Azarov, Sergei"]
[Black "Sonis, Francesco"]
[Result "1-0"]
[ECO "B00"]
[WhiteElo "2596"]
[BlackElo "2570"]
[PlyCount "123"]
[EventDate "2025.02.13"]
[EventType "swiss"]
[EventCountry "NET"]
[TimeControl "600"]
[WhiteClock "0:00:43"]
[BlackClock "0:00:23"]

1. e4 Nc6 2. Nf3 d6 3. d4 Nf6 4. Nc3 Bg4 5. Bb5 a6 6. Bxc6+ bxc6 7. Be3 Nd7 8. h3 Bh5 9. Qd3 Qb8 10. O-O-O e6 11. g4 Bg6 12. Nh4 Be7 13. Nxg6 hxg6 14. f4 Qb7 15. Kb1 Rb8 16. Bc1 d5 17. f5 Nf8 18. Rhf1 Bb4 19. Ne2 Qb5 20. Qf3 dxe4 21. Qxe4 Be7 22. Nf4 gxf5 23. gxf5 exf5 24. Qe3 Rh6 25. d5 Qc5 26. Qd3 g5 27. Ne2 Qxd5 28. Nd4 f4 29. Qxa6 Rd6 30. Rfe1 Qc5 31. Qe2 Ne6 32. Nxe6 fxe6 33. Rxd6 Qxd6 34. Qh5+ Kd7 35. Rd1 Rf8 36. Rxd6+ cxd6 37. Qf3 d5 38. c4 Bc5 39. a4 Kd6 40. a5 e5 41. cxd5 cxd5 42. Qh5 f3 43. Qh6+ Kd7 44. Qg7+ Kc6 45. Qg6+ Kd7 46. Qd3 Ke6 47. Qa6+ Kd7 48. Qb5+ Kd6 49. b4 Bd4 50. Qa6+ Kd7 51. b5 Rf5 52. Qc6+ Ke7 53. Qc7+ Kf6 54. b6 f2 55. b7 Ba7 56. Qd8+ Ke6 57. Qe8+ Kf6 58. Qf8+ Ke6 59. Qg8+ Kd7 60. Qxd5+ Kc7 61. Qc4+ Kxb7 62. Qe4+ 1-0

[Event "CCT Chessable Masters Play-In 2025"]
[Site "Online"]
[Date "2025.02.17"]
[Round "2.67"]
[White "Vetoshko, Volodymyr"]
[Black "Kravtsiv, Martyn"]
[Result "0-1"]
[ECO "C47"]
[WhiteElo "2529"]
[BlackElo "2598"]
[PlyCount "138"]
[EventDate "2025.02.13"]
[EventType "swiss"]
[EventCountry "NET"]
[TimeControl "600"]
[WhiteClock "0:00:13"]
[BlackClock "0:00:05"]

1. e4 e5 2. Nf3 Nc6 3. Nc3 Nf6 4. a3 d5 5. Bb5 Nxe4 6. Qe2 Qd6 7. Nxe4 dxe4 8. Qxe4 Bd7 9. d4 f5 10. Qe2 e4 11. Bxc6 Bxc6 12. Ne5 O-O-O 13. Nf7 Qxd4 14. Nxh8 Bb5 15. c4 Bxc4 16. Be3 Qd5 17. Qc2 Bd6 18. Rc1 Bd3 19. Qa4 f4 20. Bxa7 e3 21. f3 Rxh8 22. Qd4 Qa5+ 23. Qc3 Qxc3+ 24. Rxc3 Ba6 25. Bd4 Rd8 26. Bxg7 Rg8 27. Bf6 Rxg2 28. Kd1 Kd7 29. Kc1 Ke6 30. Bd4 b6 31. h4 h5 32. Kb1 Kf5 33. Bxe3 fxe3 34. Rxe3 Be5 35. Rb3 Bc4 36. Rb4 b5 37. f4 Bf6 38. Rc1 c5 39. Rcxc4 bxc4 40. Rxc4 Rxb2+ 41. Kc1 Rb5 42. a4 Ra5 43. Kc2 Bd4 44. Kb3 Kxf4 45. Rc2 Ke5 46. Rg2 Ra7 47. Rg5+ Ke4 48. Rxh5 Kd3 49. a5 c4+ 50. Ka4 c3 51. Rf5 c2 52. Rf1 Rc7 53. Kb5 c1=Q 54. Rxc1 Rxc1 55. a6 Rb1+ 56. Kc6 Rb6+ 57. Kd7 Rxa6 58. Ke7 Rh6 59. Kd7 Rxh4 60. Kd6 Ke4 61. Ke6 Rh5 62. Kd6 Be5+ 63. Kc6 Rh6+ 64. Kb5 Bd4 65. Kc4 Rc6+ 66. Kb5 Kd5 67. Kb4 Rb6+ 68. Ka5 Kc4 69. Ka4 Ra6# 0-1

[Event "CCT Chessable Masters Play-In 2025"]
[Site "Online"]
[Date "2025.02.17"]
[Round "2.68"]
[White "Van Wely, Loek"]
[Black "Warmerdam, Max"]
[Result "0-1"]
[ECO "D66"]
[WhiteElo "2454"]
[BlackElo "2638"]
[PlyCount "154"]
[EventDate "2025.02.13"]
[EventType "swiss"]
[EventCountry "NET"]
[TimeControl "600"]
[WhiteClock "0:01:53"]
[BlackClock "0:00:19"]

1. d4 d5 2. c4 e6 3. Nf3 Nf6 4. Nc3 Nbd7 5. Bg5 h6 6. Bh4 Be7 7. e3 O-O 8. Rc1 c6 9. Bd3 dxc4 10. Bxc4 b5 11. Bd3 Bb7 12. O-O Rc8 13. Qe2 b4 14. Na4 c5 15. dxc5 Nxc5 16. Nxc5 Rxc5 17. Rxc5 Bxc5 18. Rd1 Qe7 19. Ne5 g5 20. Bg3 Rd8 21. h4 Kg7 22. hxg5 hxg5 23. Bc2 Rxd1+ 24. Qxd1 Ba8 25. Nf3 Ne4 26. Be5+ f6 27. Bxe4 Bxe4 28. Nxg5 Bf5 29. Bd4 Bxd4 30. Qxd4 e5 31. Qd5 fxg5 32. e4 Bg6 33. a3 bxa3 34. bxa3 g4 35. a4 Kf6 36. a5 Bf7 37. Qd2 Qe6 38. Qd8+ Kg6 39. Qc7 a6 40. Qb6 Kg7 41. Qd8 Be8 42. Qd2 Bg6 43. Qb4 Kh6 44. Qd2+ Kh5 45. Qb4 Qc6 46. Qb8 Qc1+ 47. Kh2 Qf4+ 48. Kg1 Bxe4 49. Qh8+ Kg5 50. Qd8+ Qf6 51. Qd2+ Kg6 52. Qe2 Bf5 53. Qe3 Qd6 54. Qa7 Bd3 55. Qa8 Bb5 56. Qg8+ Kf5 57. Qh7+ Qg6 58. Qc7 Ke4 59. Qc2+ Bd3 60. Qa4+ Kd5 61. Qb3+ Kc5 62. Qb8 e4 63. Qb3 Qc6 64. Qb2 Qb5 65. Qc3+ Qc4 66. Qd2 Kb5 67. Qg5+ Qc5 68. Qxg4 Kxa5 69. Qd7 Kb4 70. Qb7+ Kc3 71. Qg7+ Kc2 72. g4 a5 73. g5 a4 74. g6 a3 75. Qf6 e3 76. fxe3 Qxe3+ 77. Kh2 Qh6+ 0-1